 Dungeon Crawl Stone Soup version 0.28-a0-622-gbaef9634d7 (webtiles) character file.

Game seed: 2054879915357313311

669 ytrimaz the Skirmisher (level 7, -6/62 HPs)
             Began as a White Draconian Berserker on Oct 7, 2021.
             Was a Priest of Trog.
             Mangled by an orc warrior (16 damage)
             ... on level 6 of the Dungeon.
             The game lasted 00:06:29 (4508 turns).

ytrimaz the Skirmisher (White Draconian Berserker)  Turns: 4508, Time: 00:06:29

Health: -6/62      AC:  7    Str: 22    XL:     7   Next: 32%
Magic:  0/7        EV: 13    Int:  7    God:    Trog [***...]
Gold:   239        SH:  0    Dex: 10    Spells: 6/6 levels left

rFire   . . .      SeeInvis .   i - +0 war axe
rCold   + . .      Faith    .   (no shield)
rNeg    . . .      Spirit   +   (armour unavailable)
rPois   .          Reflect  .   (helmet restricted)
rElec   .          Harm     .   (no cloak)
rCorr   .          Rampage  .   d - +0 pair of gloves
Will    .....                   (no boots)
Stlth   +.........              h - amulet of guardian spirit
HPRegen 0.20/turn               g - +4 ring of slaying
MPRegen 0.10/turn               (no ring)

@: on berserk cooldown, slowed, very slow
A: breathe frost, AC +6, unfitting armour, cold resistance 1, cold-blooded
a: Breathe Frost, Renounce Religion, Berserk, Trog's Hand


You were on level 6 of the Dungeon.
You worshipped Trog.
Trog was most pleased with you.
You visited 2 branches of the dungeon, and saw 7 of its levels.

You collected 239 gold pieces.

Inventory:

Hand Weapons
 a - a +1 hand axe
 i - a +0 war axe (weapon)
Armour
 d - a +0 pair of gloves (worn)
Jewellery
 g - a +4 ring of slaying (left hand)
 h - an amulet of guardian spirit (around neck)
Wands
 l - a wand of charming (9)
Scrolls
 f - a scroll of holy word {unknown}
 j - a scroll of brand weapon {unknown}
Potions
 b - 2 potions of heal wounds
 c - 2 potions of curing
 e - a potion of brilliance
 k - a potion of lignification {unknown}


   Skills:
 * Level 5.9 Fighting
 + Level 5.5 Axes
 * Level 5.0 Dodging


You had 6 spell levels left.
You didn't know any spells.
Your spell library was empty.

Dungeon Overview and Level Annotations

Branches:
Dungeon (6/15)             Temple (1/1) D:5

Altars:
Gozag
Zin

Shops:
D:4 =!:


Innate Abilities, Weirdness & Mutations

You can breathe waves of freezing cold which knock back foes.
Your icy white scales are hard. (AC +6)
You cannot fit into any form of body armour.
Your flesh is cold resistant. (rC+)
You are cold-blooded and may be slowed by cold attacks.


Message History

The water moccasin barely misses you.
Unknown command.
You slice the water moccasin!!
You kill the water moccasin!
Trog accepts your kill. The orc warrior barely misses you.
Your Dodging skill increases to level 5!
The orc warrior hits you with a +0 glaive.
Items here: )) [ ††.
You feel a strong urge to attack something.
The orc warrior barely misses you.
You are no longer berserk.
You are exhausted.
You feel yourself slow down.
The orc warrior hits you with a +0 glaive!
The orc warrior barely misses you.
You hit the orc warrior.
The orc warrior is lightly wounded.
The orc warrior misses you.
You slash the orc warrior!
Your tail-slap misses the orc warrior.
The orc warrior is heavily wounded.
The orc warrior barely misses you.
The orc warrior hits you with a +0 glaive!
* * * LOW HITPOINT WARNING * * *
You hit the orc warrior but do no damage.
The orc warrior is heavily wounded.
The orc warrior barely misses you. x2
You slash the orc warrior! You tail-slap the orc warrior.
The orc warrior is almost dead.
The orc warrior hits you but does no damage.
The orc warrior closely misses you.
You closely miss the orc warrior.
The orc warrior is almost dead.
The orc warrior closely misses you. x2
You completely miss the orc warrior.
The orc warrior is almost dead.
The orc warrior hits you with a +0 glaive!
* * * LOW HITPOINT WARNING * * *
The orc warrior hits you with a +0 glaive!!
You die...

##+##
##...##
##.†.<.##
##..))...##
#...o.....#
+....@....+
#.........#
##.......##
##.....##
##...##
##+##


You could see an orc warrior.

Vanquished Creatures
  A water moccasin (D:6)
  A centaur (D:5)
  A phantom (D:4)
  A scorpion (D:5)
  A wyvern zombie (D:4)
  2 hounds (D:4)
  An iguana (D:5)
  A killer bee zombie (D:5)
  Robin (D:2)
  9 adders
  4 worms
  A dart slug (D:3)
  7 orcs
  7 ball pythons
  5 endoplasms (D:1)
  3 giant cockroaches (D:1)
  8 hobgoblins
  10 jackals
  3 kobolds
  2 quokkas
  4 bats
  2 frilled lizards (D:1)
  10 goblins
  3 rats
88 creatures vanquished.

Vanquished Creatures (others)
  4 plants
4 creatures vanquished.

Grand Total: 92 creatures vanquished

Notes
Turn   | Place    | Note
-------+----------+-------------------------------------------
     0 | D:1      | ytrimaz the Draconian Berserker began the quest for the
                  | Orb.
     0 | D:1      | Reached XP level 1. HP: 19/19 MP: 1/1
   261 | D:1      | Reached XP level 2. HP: 26/26 MP: 2/2
   604 | D:1      | Reached ** piety under Trog
   606 | D:1      | Reached XP level 3. HP: 33/33 MP: 3/3
  1356 | D:2      | Noticed Robin
  1367 | D:2      | Reached XP level 4. HP: 40/40 MP: 4/4
  1372 | D:2      | Killed Robin
  1912 | D:2      | Found a faded altar of an unknown god.
  2830 | D:4      | Reached *** piety under Trog
  2835 | D:4      | Reached XP level 5. HP: 35/47 MP: 5/5
  2883 | D:4      | Noticed a phantom
  2897 | D:4      | Killed a phantom
  3265 | D:4      | Reached XP level 6. HP: 37/55 MP: 2/6
  3360 | D:4      | Found Sujiusu's Jewellery Shoppe.
  3437 | D:4      | Found Emola's Distillery.
  3484 | D:4      | Reached skill level 5 in Fighting
  3819 | D:4      | Found Saivos Sina's Book Emporium.
  3863 | D:5      | Entered Level 5 of the Dungeon
  3942 | D:5      | Reached skill level 5 in Axes
  4117 | D:5      | Found a staircase to the Ecumenical Temple.
  4188 | D:5      | Your scales start taking on an icy white colour.
  4188 | D:5      | Reached XP level 7. HP: 52/61 MP: 5/7
  4188 | D:5      | Gained mutation: Your flesh is cold resistant. (rC+) [White
                  | Draconian growth]
  4338 | D:5      | Found a glowing silver altar of Zin.
  4477 | Temple   | Entered the Ecumenical Temple
  4499 | D:6      | Reached skill level 5 in Dodging
  4508 | D:6      | Mangled by an orc warrior

Illustrated notes

Levels and vault maps discovered:
D:1:      lordsloth_arrival_two_stooges, layout_loops_cross, minmay_tromino_i4
D:2:      layout_loops_ring, dilly_ecumenical_altar_fadedgnrine,
          minmay_misc_feat_enclosed, chequers_serial_rivers_room_a, uniq_robin
D:3:      layout_loops_ring
D:4:      layout_cave_pools, serial_shops, nicolae_stop_n_shop_2, shop,
          kennysheep_mini, serial_bayou_pond_b
D:5:      layout_loops_ring, lemuel_coloured_pillars_altar, temple_doors_e
D:6:      layout_loops_corners, gammafunk_ghost_smash,
          nicolae_ossuary_entry_giza, grunt_ministairs_7
Temple:   minmay_crystal_spiral_temple

Skill      XL: |  1  2  3  4  5  6  7 |
---------------+----------------------+-----
Dodging        | 3 4 5 |  5.0
Fighting       | 4 5 |  5.9
Axes           | 4 5 |  5.5

Action                   |  1- 3 |  4- 6 |  7- 9 || total
-------------------------+-------+-------+-------++-------
Melee: Hand axe          |   101 |    96 |       ||   197
       Tailslap          |     8 |    15 |     2 ||    25
       War axe           |       |    40 |    18 ||    58
Invok: Berserk           |     1 |     2 |     1 ||     4
       Trog's Hand       |     1 |       |       ||     1
 Abil: Breathe Frost     |       |       |     2 ||     2
  Use: Scroll            |       |    10 |       ||    10
 Stab: Sleeping          |     1 |       |       ||     1
Armor: Skin              |    59 |    62 |     5 ||   126
Dodge: Dodged            |   110 |   119 |    25 ||   254

Table legend: (Time is in decaauts)
 A = Elapsed time spent in this place.
 B = Non-inter-level travel time spent in this place.
 C = Inter-level travel time spent in this place.
 D = Time resting spent in this place.
 E = Time spent auto-exploring this place.
 F = Levels seen in this place.
 G = Mean time per level.
                   A        B        C        D        E       F      G
               +--------+--------+--------+--------+--------+-----+--------+
         Total |   4567 |   4426 |    141 |      0 |   3618 |   7 |  652.4 |
       Dungeon |   4565 |   4424 |    141 |      0 |   3618 |   6 |  760.8 |
        Temple |      1 |      1 |      0 |      0 |      0 |   1 |    1.0 |
               +--------+--------+--------+--------+--------+-----+--------+

Top non-repeatable levels by time:
     D:4: 1076 daAuts
     D:1: 1007 daAuts
     D:2: 965 daAuts
     D:3: 867 daAuts
     D:5: 628 daAuts
     D:6: 21 daAuts
  Temple: 1 daAuts
